 Dungeon Crawl Stone Soup version v3.33-hellcrawl-189-gd9da4bb (webtiles) character file.

2121 tatters the Cloud Mage (level 22, -3/200 HPs) *CASUAL*
             Began as a Pale Draconian Wanderer on Oct 8, 2017.
             Was the Champion of Vehumet.
             Killed by an exploding ball lightning (10 damage)
             ... created by the player character
             ... on level 3 of the Vaults on Oct 9, 2017.
             The game lasted 04:05:17 (34802 turns).

tatters the Cloud Mage (Pale Draconian Wanderer)   Turns: 34802, Time: 04:05:18

Health: -3/200     AC: 31 (0%)Str: 19   XL:     22   Next: 45%
Magic:  36/36      EV: 11    Int: 30    God:    Vehumet [6*[190]]
Gold:   2649       SH: 13    Dex: 11    Spells: 2/59 levels left

rFire    . . .     SeeInvis .   F - +4 hand crossbow "Weixoufu" {elec, Fragile rElec Str+7 Stlth+}
rCold    + . .     Faith    .   N - +0 shield
rNeg     . . .     Spirit   .   (armour unavailable)
rPois    +         Reflect  .   x - +2 hat {MR+}
rElec    +                      t - +2 cloak {rPois}
rCorr    .                      T - +2 pair of gloves "Kumpai" {MR+}
MR       +++..                  (no boots)
Stlth    +++++++...             K - amulet of magic regeneration
Regen    1.2/turn               u - ring of wizardry
MPRegen  0.9/turn               Q - ring of ice

@: about to teleport, marked, very slightly contaminated, regenerating, hasted,
repel missiles, icy armour, very quick
A: breathe steam, unfitting armour, talons 1, clever, wild magic 1,
cold-blooded, repel shadows, AC +11
}: 2/15 runes: silver, gossamer
a: Breathe Steam, End Regeneration, End Ozocubu's Armour, Stop Repelling
Missiles, Renounce Religion


You were on level 3 of the Vaults.
You worshipped Vehumet.
Vehumet was exalted by your worship.
You were not hungry.

You visited 4 branches of the dungeon, and saw 23 of its levels.
You also visited: Ossuary, Ice Cave and Wizlab.

You collected 2985 gold pieces.
You spent 336 gold pieces at shops.

Inventory:

Hand Weapons
 d - the +7 long sword "Dusueme" {flame, +Blink Int+2}
   (You took it off an orc knight on level 15 of the Dungeon)

   It has been specially enchanted to burn those struck by it, causing extra
   injury to most foes and up to half again as much damage against particularly
   susceptible opponents.
   It affects your intelligence (+2).
   It lets you blink.
 n - a +4 rapier of electrocution
 s - a +0 war axe of venom
 F - the +4 hand crossbow "Weixoufu" (weapon) {elec, Fragile rElec Str+7 Stlth+}
   (You found it on level 1 of the Vaults)

   It charges the ammunition it shoots with electricity; occasionally upon a
   hit, such missiles may discharge and cause terrible harm.
   It affects your strength (+7).
   It insulates you from electricity.
   It will be destroyed if unequipped.
   It makes you more stealthy.
 X - a +1 morningstar of protection
 Y - a +2 antimagic bardiche
Missiles
 e - 3051 bolts (quivered)
 j - 2814 arrows
 p - 66 javelins of penetration
 Z - 53 exploding tomahawks
Armour
 t - a +2 cloak of poison resistance (worn)
 x - a +2 hat of magic resistance (worn)
 N - a +0 shield (worn)
 T - the +2 pair of gloves "Kumpai" (worn) {MR+}
   (You found it in an ice cave)

   It affects your resistance to hostile enchantments.
Magical Staves
 a - an uncursed staff of wizardry
Jewellery
 c - an uncursed ring of resist corrosion
 h - an uncursed amulet of guardian spirit
 u - a ring of wizardry (left hand)
 D - a +3 ring of evasion
 G - an uncursed amulet of rage
 K - an amulet of magic regeneration (around neck)
 L - an uncursed ring of positive energy
 Q - a ring of ice (right hand)
 S - an uncursed ring of wizardry
 U - a +3 ring of protection
Wands
 r - a wand of iceblast (15)
 A - a wand of lightning (7)
 M - a wand of digging (3)
Scrolls
 g - 8 scrolls of immolation
 l - 2 scrolls of amnesia
 o - 2 scrolls of teleportation
 q - 5 scrolls of fog
 y - 2 scrolls of holy word
 C - 5 scrolls of vulnerability
 E - 3 scrolls of blinking
 I - 3 scrolls of silence
 O - a scroll of enchant armour
 P - 3 scrolls of enchant weapon
 R - 2 scrolls of fear
 V - 7 scrolls of magic mapping
Potions
 b - a potion of haste
 f - a potion of augmentation
 i - 13 potions of curing
 k - 3 potions of cancellation
 m - 4 potions of flight
 v - 4 potions of heal wounds
 w - a potion of lignification
 z - 4 potions of magic
 B - 6 potions of ambrosia
 H - a potion of resistance
 J - 3 potions of invisibility
 W - 2 potions of mutation


   Skills:
 - Level 17.5 Fighting
 - Level 1.0 Throwing
 - Level 13.0 Stealth
 - Level 15.0 Shields
 - Level 19.0 Spellcasting
 - Level 2.4 Hexes
 - Level 7.0 Charms
 - Level 3.7 Translocations
 - Level 5.0 Transmutations
 - Level 6.7 Ice Magic
 + Level 22.2 Air Magic


You had 2 spell levels left.
You knew the following spells:

 Your Spells              Type           Power        Failure   Level  Hunger
a - Magic Dart            Air            25 (25)      1%          1    None
b - Tornado               Air            119 (200)    2%          9    #######
c - Fulminant Prism       Air            119 (200)    1%          5    None
d - Static Discharge      Air            100 (100)    1%          3    None
e - Apportation           Tloc           60 (1000)    1%          1    None
f - Summon Butterflies    Summ           37 (100)     1%          1    None
g - Regeneration          Chrm/Necr      59 (200)     1%          3    None
h - Ozocubu's Armour      Chrm/Ice       94 (100)     1%          4    None
i - Irradiate             Tmut           67 (200)     1%          5    None
j - Freezing Cloud        Ice/Air        123 (200)    1%          6    None
k - Blink                 Tloc           N/A          1%          2    None
l - Conjure Ball Lightni  Air            119 (200)    1%          7    ####...
m - Repel Missiles        Chrm/Air       100 (100)    1%          2    None
n - Chain Lightning       Air            119 (200)    1%          8    #####..


Dungeon Overview and Level Annotations

Branches:
Dungeon (15/15) Spider (3/3) Orc:2 Slime (0/4) Orc:2 Vaults:3 Orc (2/2) D:15 Vaults (3/3) D:15 Spider:3 Depths (0/3) D:15 Vaults:3 Swamp: Orc:2 Shoals: Orc:2

Altars:
Cheibriados
Dithmenos
Elyvilon
Gozag
Hepliaklqana
Kikubaaqudgha
Makhleb
Nemelex Xobeh
Okawaru
Qazlal
Ru
Sif Muna
Trog
Uskayaw
Vehumet
Xom
Yredelemnul
Zin
The Shining One

Shops:
D:10 *   D:11 =   D:14 [   D:15 (   Orc:1 }   Orc:2 (}=*   Vaults:1 =
Vaults:2 [


Innate Abilities, Weirdness & Mutations

You can breathe blasts of scalding, opaque steam.
Your pale cyan-grey scales are hard. (AC +11)
Your body does not fit into most forms of armour.
You are cold-blooded and may be slowed by cold attacks.
You have sharp toenails.
Your mind is acute. (Int +5)
Your spells are a little harder to cast, but a little more powerful.
Shadows flee at your approach. (+LOS)


Message History

The blast of lightning engulfs your ball lightning (0).
Your ball lightning completely resists.
The blast of lightning engulfs you! You resist.
That hurt (10)!
* * * LOW HITPOINT WARNING * * *
Your ball lightning explodes!
The blast of lightning engulfs you! You resist.
That hurt (12)!
* * * LOW HITPOINT WARNING * * *
The blast of lightning engulfs the storm dragon (0).
The storm dragon completely resists.
The storm dragon is severely wounded.
Vehumet accepts your kill.
You feel your power returning.
You feel a bit more experienced.
Your ball lightning explodes!
The blast of lightning engulfs the storm dragon (0).
The storm dragon completely resists.
The blast of lightning engulfs the storm dragon (0).
The storm dragon completely resists.
The storm dragon is severely wounded.
The blast of lightning engulfs you! You resist.
That hurt (10)!
You die...

#..#..)#*#...#+++#....
#..#..)# #+++#)..)....
#..#p.)###).()...)....
#..#......))))..)).).)
#..)..)).)..).........
#..).#################
#..)..........,,,,,,..
#.).))).)..)..,,,,,,..
#..))@))D)pc..,,,,,,..
#....D.)......,,,,,,..
#....#########******##
#.....,,,,,,,,,,,,,,,,
#..#...,,,,,,,,,,,,,,,
#..#...#****,,*****,,*
#..#L..#,,,*,,*,∩,*,,*
#..#...#,,,*,,*,,,*,,*
#..#...#*+**,,**'**,,*


You could see 2 storm dragons, a lich, a vault sentinel, a yaktaur and a wizard.

Vanquished Creatures
  Saint Roka (Vaults:2)
  Arachne (Spider:1)
  A lich (Vaults:3)
  A tentacled monstrosity (Vaults:3)
  A tengu reaver (D:12)
  A storm dragon (Vaults:3)
  Donald (Orc:2)
  3 fire giants (Vaults:3)
  Louise (Spider:1)
  A deep elf sorcerer (Vaults:3)
  5 ghost moths
  8 emperor scorpions (Spider:3)
  5 frost giants
  6 vault wardens
  4 ironheart preservers
  3 war gargoyles (Vaults:3)
  11 very ugly things
  2 stone giants (Vaults:3)
  3 entropy weavers
  A halazid warlock (Vaults:3)
  A spark wasp (Spider:3)
  A blizzard demon (IceCv)
  3 ettins (Vaults:3)
  A crystal guardian (Vaults:3)
  3 great orbs of eyes (Vaults:2)
  A hydra (D:13)
  3 ice dragons
  13 vault guards
  A rakshasa (Vaults:1)
  5 yaktaur captains
  2 death knights
  5 centaur warriors
  27 two-headed ogres
  7 ogre magi
  A dancing weapon (Vaults:3)
  A deep troll earth mage (Vaults:2)
  9 death yaks
  A vampire mage (D:15)
  2 orc high priests
  4 deep elf knights
  A shadow wraith (Vaults:1)
  A ball lightning (Vaults:2)
  A hell knight (Vaults:3)
  3 deep trolls (Vaults:2)
  4 unseen horrors
  7 skeletal warriors (D:15)
  A wizard (Vaults:2)
  3 phantasmal warriors
  12 ironbrand convokers
  Pikel (D:7)
  A deep elf archer (Vaults:2)
  An iron troll simulacrum (IceCv)
  14 deep elf magi
  4 harpies (Vaults:1)
  10 orc knights
  2 necromancers
  A hornet (shapeshifter) (Vaults:3)
  A manticore (D:12)
  An orc sorcerer (Orc:1)
  A stone giant zombie (D:15)
  3 cyclopes
  8 hornets
  30 wolf spiders
  30 ugly things
  An elephant (shapeshifter) (D:13)
  A black mamba (D:15)
  8 orb spiders
  2 torpor snails (Spider:1)
  2 spiny frogs
  8 vault sentinels
  3 gargoyles
  An ice statue (IceCv)
  7 freezing wraiths
  13 demonic crawlers
  A rime drake (D:11)
  A golden dragon simulacrum (IceCv)
  28 yaktaurs
  4 ice devils (IceCv)
  An efreet (D:13)
  3 anaconda simulacra (IceCv)
  A harpy zombie (D:14)
  10 slime creatures
  12 trolls
  A harpy skeleton (D:15)
  2 jumping spiders (shapeshifter)
  6 meliai (D:15)
  32 jumping spiders
  2 deep troll zombies (D:15)
  A snapping turtle (shapeshifter) (D:14)
  8 blink frogs
  4 wraiths
  3 shadows
  54 redbacks
  3 wyverns
  20 tarantellas
  2 dire elephant simulacra (IceCv)
  2 vampires
  16 yaks
  2 black mamba skeletons (D:8)
  An angry ghost (D:8)
  A death yak simulacrum (IceCv)
  3 harpy simulacra (IceCv)
  3 wargs
  2 acid dragons
  A human skeleton (D:15)
  2 hydra simulacra (IceCv)
  A water moccasin (D:9)
  25 orc warriors
  3 spiny frog zombies
  3 ettin simulacra (IceCv)
  5 ice beasts
  A spiny frog skeleton (D:9)
  An eye of draining (shapeshifter) (Vaults:1)
  A blink frog zombie (D:13)
  5 wasps
  37 ogres
  16 centaurs
  A blink frog skeleton (D:12)
  16 boggarts
  3 big kobolds
  A big kobold (shapeshifter) (D:14)
  3 rime drake zombies
  A bullfrog (D:9)
  A gnoll sergeant (D:7)
  An earth elemental (WizLab)
  3 wyvern skeletons
  4 water moccasin zombies (Ossuary)
  6 wyvern zombies
  4 scorpions
  16 killer bees
  4 crimson imps
  An elephant simulacrum (IceCv)
  11 wights
  A howler monkey (D:8)
  3 draconian simulacra (IceCv)
  11 centaur zombies
  3 wasp zombies
  A quasit (D:7)
  5 bullfrog zombies (Ossuary)
  3 hounds
  5 jellies
  11 centaur skeletons
  14 orc priests
  11 orc wizards
  A spriggan simulacrum (IceCv)
  3 worker ants
  A polar bear simulacrum (IceCv)
  2 troll simulacra (IceCv)
  2 iguanas
  2 centaur simulacra (IceCv)
  5 hound zombies
  A hound skeleton (D:5)
  8 mummies (Ossuary)
  2 howler monkey zombies (Ossuary)
  12 gnolls
  9 adders
  An ogre simulacrum (IceCv)
  3 naga simulacra (IceCv)
  3 shadow imps
  2 white imps (IceCv)
  3 oozes
  A dart slug (D:6)
  64 orcs
  9 quokkas
  8 bats
  3 giant cockroaches
  25 hobgoblins
  12 jackals
  4 frilled lizards
  44 goblins
  A jackal skeleton (D:4)
  12 kobolds
  16 rats
  A bush (D:4)
  A fulminant prism (D:15)
  14 fungi
  8 plants
1095 creatures vanquished.

Vanquished Creatures (collateral kills)
  5 ball lightnings
5 creatures vanquished.

Vanquished Creatures (others)
  Nikola (Spider:3)
  A blizzard demon (IceCv)
  A vault guard (Vaults:3)
  129 ball lightnings
  A yaktaur (Vaults:2)
  A demonic crawler (Spider:3)
  An ogre (Vaults:3)
  11 white imps (IceCv)
  5 ufetubi (IceCv)
  599 fulminant prisms
  2 fungi (D:15)
  3 plants (D:15)
  4 withered plants
759 creatures vanquished.

Grand Total: 1859 creatures vanquished

Notes
Turn   | Place    | Note
-------+----------+-------------------------------------------
     0 | D:1      | tatters the Draconian Wanderer began the quest for the Orb.
     0 | D:1      | tatters set off with: 67 poisoned darts, a +0 dagger
     0 | D:1      | Reached XP level 1. HP: 14/14 MP: 3/3
     2 | D:1      | Learned a level 1 spell: Magic Dart
   162 | D:1      | Reached XP level 2. HP: 17/20 MP: 0/5
   257 | D:1      | Reached XP level 3. HP: 21/26 MP: 1/7
   261 | D:1      | Learned a level 2 spell: Repel Missiles
   286 | D:1      | Learned a level 3 spell: Static Discharge
   810 | D:2      | Found a snail-covered altar of Cheibriados.
   814 | D:2      | Reached XP level 4. HP: 33/33 MP: 4/8
   877 | D:2      | Found a sparkling altar of Nemelex Xobeh.
  1045 | D:2      | Found a hide-covered altar of Uskayaw.
  1097 | D:2      | Found an opulent altar of Gozag.
  1266 | D:2      | Found a basalt altar of Yredelemnul.
  1377 | D:2      | Found a shimmering altar of Xom.
  1401 | D:2      | Found an ancient bone altar of Kikubaaqudgha.
  1514 | D:2      | Became a worshipper of Xom of Chaos
  1582 | D:3      | Reached XP level 5. HP: 35/38 MP: 3/10
  1720 | D:3      | XOM: harmless Conj miscast
  1892 | D:3      | Reached skill level 5 in Spellcasting
  2005 | D:3      | Noticed a fire elemental
  2007 | D:3      | Found a stormy altar of Qazlal.
  2008 | D:3      | Noticed a water elemental
  2008 | D:3      | Noticed an air elemental
  2158 | D:3      | Found an iron altar of Okawaru.
  2190 | D:3      | XOM: cloud trail
  2331 | D:3      | Noticed a wasp
  2331 | D:3      | XOM: polymorph something unseen -> wasp
  2332 | D:3      | XOM: confusion
  2336 | D:3      | XOM: cast spell 'Summon Butterflies'
  2352 | D:3      | Killed a wasp
  2352 | D:3      | Reached XP level 6. HP: 37/45 MP: 9/13
  2366 | D:3      | XOM: summons 3 hostile shadow creatures
  2667 | D:3      | XOM: medium Summ miscast
  2668 | D:3      | Noticed a soul eater
  3161 | D:3      | XOM: medium Tmut miscast
  3257 | D:4      | Found a sacrificial altar of Ru.
  3320 | D:4      | Reached skill level 1 in Fighting
  3363 | D:4      | Found a radiant altar of Vehumet.
  3371 | D:4      | XOM: swap monsters
  3396 | D:4      | Your scales start taking on a pale cyan-grey colour.
  3396 | D:4      | Reached XP level 7. HP: 25/57 MP: 12/15
  3400 | D:4      | Fell from the grace of Xom
  3400 | D:4      | Became a worshipper of Vehumet
  3568 | D:4      | Reached skill level 1 in Hexes
  3570 | D:4      | Noticed Duvessa
  3608 | D:4      | Found a sand-covered staircase.
  3661 | D:4      | Noticed Dowan
  3688 | Ossuary  | Entered an ossuary
  3706 | Ossuary  | Reached skill level 4 in Air Magic
  3771 | Ossuary  | XOM: chaos cloud
  3808 | Ossuary  | Learned a level 4 spell: Mephitic Cloud
  3814 | Ossuary  | Learned a level 5 spell: Fulminant Prism
  3921 | Ossuary  | XOM: severe Tmut miscast
  3952 | Ossuary  | Gained mutation: You are clumsy. (Dex -5) [mutagenic glow]
  3983 | Ossuary  | Gained mutation: You are occasionally teleported next to monsters. [mutagenic glow]
  4029 | Ossuary  | Gained mutation: Your body sometimes deteriorates upon taking damage. [mutagenic glow]
  4118 | Ossuary  | Gained mutation: You do not regenerate when monsters are visible. [mutagenic glow]
  4175 | Ossuary  | Reached XP level 8. HP: 43/63 MP: 10/16
  4186 | Ossuary  | Reached skill level 5 in Air Magic
  4202 | Ossuary  | Reached skill level 6 in Air Magic
  4207 | Ossuary  | Reached * piety under Vehumet
  4207 | Ossuary  | Offered knowledge of Inner Flame by Vehumet.
  4207 | Ossuary  | Reached skill level 7 in Air Magic
  4207 | Ossuary  | XOM: god gift: 89 stones
  4229 | Ossuary  | Lost mutation: Your body sometimes deteriorates upon taking damage. [potion of mutation]
  4229 | Ossuary  | Lost mutation: You are clumsy. (Dex -5) [potion of mutation]
  4229 | Ossuary  | Lost mutation: You are occasionally teleported next to monsters. [potion of mutation]
  4229 | Ossuary  | Lost mutation: You do not regenerate when monsters are visible. [potion of mutation]
  4229 | Ossuary  | Gained mutation: You are resistant to hostile enchantments. (MR+) [potion of mutation]
  4229 | Ossuary  | Gained mutation: Your muscles are strong. (Str +5) [potion of mutation]
  4452 | Ossuary  | Reached skill level 8 in Air Magic
  4454 | Ossuary  | Reached XP level 9. HP: 46/69 MP: 5/17
  4463 | Ossuary  | XOM: give mutations
  4463 | Ossuary  | Gained mutation: Scrolls take you a little longer to read. [Xom's mischief]
  4463 | Ossuary  | Gained mutation: You are somewhat resistant to further mutation. [Xom's mischief]
  4463 | Ossuary  | Lost mutation: Your muscles are strong. (Str +5) [Xom's mischief]
  4575 | Ossuary  | Reached skill level 9 in Air Magic
  4678 | Ossuary  | Reached skill level 10 in Air Magic
  5198 | D:4      | Reached skill level 5 in Fighting
  5386 | D:4      | Offered knowledge of Dazzling Spray by Vehumet.
  5419 | D:4      | Reached ** piety under Vehumet
  5859 | D:4      | Found a sacrificial altar of Ru.
  5885 | D:4      | Found a radiant altar of Vehumet.
  6234 | D:4      | Found a radiant altar of Vehumet.
  6335 | D:4      | Found a sacrificial altar of Ru.
  6761 | D:4      | XOM: mild Ice miscast
  6973 | D:5      | Entered Level 5 of the Dungeon
  7184 | D:5      | Reached skill level 5 in Stealth
  7257 | D:5      | Found a hazy altar of Hepliaklqana.
  7425 | D:5      | Offered knowledge of Throw Icicle by Vehumet.
  7484 | D:5      | Reached XP level 10. HP: 77/83 MP: 14/19
  7487 | D:5      | Reached *** piety under Vehumet
  7606 | D:5      | Offered knowledge of Bolt of Draining by Vehumet.
  7826 | D:5      | XOM: harmless Air miscast
  7836 | D:5      | Reached **** piety under Vehumet
  7947 | D:5      | XOM: harmless Chrm miscast
  8056 | D:5      | XOM: silly message
  8615 | D:6      | XOM: harmless Ice miscast
  8640 | D:6      | Found a snail-covered altar of Cheibriados.
  8963 | D:6      | XOM: silly message
  9300 | D:6      | Offered knowledge of Iron Shot by Vehumet.
  9470 | D:6      | Found a glowing golden altar of the Shining One.
  9639 | D:7      | Found a burning altar of Makhleb.
  9685 | D:7      | Found a glowing silver altar of Zin.
 10014 | D:7      | Found a deep blue altar of Sif Muna.
 10032 | D:7      | Found a white marble altar of Elyvilon.
 10122 | D:7      | Noticed Pikel
 10127 | D:7      | Killed Pikel
 10127 | D:7      | Reached skill level 10 in Spellcasting
 10220 | D:7      | XOM: cloud trail
 10370 | D:7      | Found a shadowy altar of Dithmenos.
 10611 | D:7      | Reached XP level 11. HP: 86/89 MP: 7/23
 10807 | D:7      | Found a bloodstained altar of Trog.
 11177 | D:8      | Noticed a two-headed ogre
 11184 | D:8      | Killed a two-headed ogre
 11191 | D:8      | XOM: scenery: 1 doors close
 11673 | D:8      | Learned a level 1 spell: Apportation
 11675 | D:8      | Learned a level 1 spell: Summon Butterflies
 11876 | D:8      | XOM: noise
 11896 | D:8      | XOM: mild Hex miscast
 11940 | D:8      | XOM: noise
 12046 | D:9      | XOM: noise
 12288 | D:9      | Reached XP level 12. HP: 98/102 MP: 5/26
 12594 | D:9      | XOM: medium Erth miscast
 12988 | D:9      | XOM: mild Hex miscast
 13034 | D:9      | Reached ***** piety under Vehumet
 13034 | D:9      | Offered knowledge of Iskenderun's Battlesphere by Vehumet.
 13089 | D:9      | XOM: mild Erth miscast
 13192 | D:10     | Entered Level 10 of the Dungeon
 13305 | D:10     | XOM: 2-stop teleportation journey
 13504 | D:10     | Reached skill level 10 in Fighting
 13726 | D:10     | Found an ancient bone altar of Kikubaaqudgha.
 13753 | D:10     | XOM: medium Hex miscast
 13828 | D:10     | Found Penel's General Store.
 14372 | D:11     | XOM: god gift: 154 stones
 14479 | D:11     | Noticed a death yak
 14479 | D:11     | Noticed a death yak
 14497 | D:11     | Killed a death yak
 14808 | D:11     | Found Uhusihoo's Jewellery Emporium.
 14813 | D:11     | Noticed a death yak
 14872 | D:11     | Killed a death yak
 14887 | D:11     | Killed a death yak
 14887 | D:11     | Reached XP level 13. HP: 97/122 MP: 10/27
 14953 | D:11     | XOM: noise
 14953 | D:11     | Was forgiven by Xom
 14986 | D:11     | Reached skill level 11 in Air Magic
 15358 | D:11     | Reached skill level 12 in Air Magic
 15891 | D:11     | Reached skill level 13 in Air Magic
 16672 | D:12     | Reached skill level 14 in Air Magic
 17390 | D:12     | Noticed a tengu reaver
 17404 | D:12     | Killed a tengu reaver
 17404 | D:12     | Reached skill level 15 in Air Magic
 17421 | D:12     | Reached XP level 14. HP: 99/129 MP: 4/28
 17940 | D:12     | Learned a level 3 spell: Regeneration
 17945 | D:12     | Learned a level 4 spell: Ozocubu's Armour
 18180 | D:13     | Found a shimmering altar of Xom.
 18184 | D:13     | Found a shimmering altar of Xom.
 18184 | D:13     | Found a shimmering altar of Xom.
 18184 | D:13     | Found a shimmering altar of Xom.
 18184 | D:13     | Found a shimmering altar of Xom.
 18185 | D:13     | Found a shimmering altar of Xom.
 18185 | D:13     | Found a shimmering altar of Xom.
 18185 | D:13     | Found a shimmering altar of Xom.
 18185 | D:13     | Found a shimmering altar of Xom.
 18199 | D:13     | Reached skill level 16 in Air Magic
 18368 | D:13     | Reached skill level 17 in Air Magic
 18533 | D:13     | Found a shimmering altar of Xom.
 18533 | D:13     | Found a shimmering altar of Xom.
 18535 | D:13     | Found a shimmering altar of Xom.
 18726 | D:13     | Noticed a golden dragon
 19078 | D:14     | Found a shimmering altar of Xom.
 19102 | D:14     | Found Ugohevia's Antique Armour Emporium.
 19181 | D:14     | Reached XP level 15. HP: 125/139 MP: 9/22
 19773 | D:15     | Entered Level 15 of the Dungeon
 19799 | D:15     | Offered knowledge of Irradiate by Vehumet.
 19925 | D:15     | Reached skill level 15 in Spellcasting
 20127 | D:15     | Learned a level 5 spell: Irradiate
 20140 | D:15     | Found Nimomotifri's Antique Weapon Boutique.
 20401 | D:15     | Reached skill level 5 in Transmutations
 20426 | D:15     | Reached XP level 16. HP: 92/147 MP: 18/25
 20763 | D:15     | Got the +7 long sword "Dusueme" {flame, +Blink Int+2}
 20851 | D:15     | Found a staircase to the Orcish Mines.
 20902 | D:15     | Found a staircase to the Depths.
 20934 | D:15     | Found a gate to the Vaults.
 21021 | Orc:1    | Entered Level 1 of the Orcish Mines
 21212 | Orc:1    | Found Edghuank's Gadget Shoppe.
 21449 | Orc:1    | Bought a wand of digging (8) for 336 gold pieces
 21459 | Orc:2    | Entered Level 2 of the Orcish Mines
 21513 | Orc:2    | Noticed Donald
 21547 | Orc:2    | Killed Donald
 21558 | Orc:2    | Reached skill level 15 in Fighting
 21760 | Orc:2    | Found a hole to the Spider Nest.
 21904 | Orc:2    | Offered knowledge of Freezing Cloud by Vehumet.
 21967 | Orc:2    | Reached XP level 17. HP: 159/160 MP: 15/27
 22042 | Orc:2    | Reached skill level 10 in Stealth
 22189 | Orc:2    | Found Hudiw's Gadget Shoppe.
 22189 | Orc:2    | Found Evel's General Store.
 22190 | Orc:2    | Found Narchu's Antique Weapon Shop.
 22190 | Orc:2    | Found Hiniv's Jewellery Shoppe.
 22683 | Orc:2    | Found a staircase to the Slime Pits.
 22693 | Orc:2    | Learned a level 6 spell: Freezing Cloud
 22768 | Spider:1 | Entered Level 1 of the Spider Nest
 22768 | Spider:1 | Found a frozen archway.
 22887 | IceCv    | Entered an ice cave
 23590 | IceCv    | Gained mutation: Potions are less effective at restoring your health. [mutagenic glow]
 23617 | IceCv    | Gained mutation: You expend magic power (3 MP) to strengthen your wands. [mutagenic glow]
 24650 | IceCv    | Got the +2 pair of gloves "Kumpai" {MR+}
 24769 | Spider:1 | Reached skill level 1 in Translocations
 24790 | Spider:1 | Learned a level 2 spell: Blink
 24813 | Spider:1 | Offered knowledge of Conjure Ball Lightning by Vehumet.
 24822 | Spider:1 | Learned a level 7 spell: Conjure Ball Lightning
 24892 | Spider:1 | Lost mutation: You are somewhat resistant to further mutation. [potion of mutation]
 24892 | Spider:1 | Lost mutation: You expend magic power (3 MP) to strengthen your wands. [potion of mutation]
 24892 | Spider:1 | Gained mutation: You are robust. (+10% HP) [potion of mutation]
 24892 | Spider:1 | Gained mutation: Your tricky nature makes your hexes more powerful. [potion of mutation]
 24893 | Spider:1 | Lost mutation: You are robust. (+10% HP) [potion of mutation]
 24893 | Spider:1 | Lost mutation: You are resistant to hostile enchantments. (MR+) [potion of mutation]
 24893 | Spider:1 | Lost mutation: Scrolls take you a little longer to read. [potion of mutation]
 24893 | Spider:1 | Lost mutation: Your tricky nature makes your hexes more powerful. [potion of mutation]
 24893 | Spider:1 | Lost mutation: Potions are less effective at restoring your health. [potion of mutation]
 24893 | Spider:1 | Gained mutation: You occasionally shout uncontrollably at your foes. [potion of mutation]
 24893 | Spider:1 | Gained mutation: You have an increased reservoir of magic. (+10% MP) [potion of mutation]
 24894 | Spider:1 | Lost mutation: You occasionally shout uncontrollably at your foes. [potion of mutation]
 24894 | Spider:1 | Lost mutation: You have an increased reservoir of magic. (+10% MP) [potion of mutation]
 24894 | Spider:1 | Gained mutation: Shadows flee at your approach. (+LOS) [potion of mutation]
 24894 | Spider:1 | Gained mutation: You have sharp toenails. [potion of mutation]
 24894 | Spider:1 | Gained mutation: Your mind is acute. (Int +5) [potion of mutation]
 25397 | Spider:1 | Reached skill level 18 in Air Magic
 25524 | Spider:1 | Noticed Arachne
 25861 | Spider:1 | Killed Arachne
 25861 | Spider:1 | Reached XP level 18. HP: 138/169 MP: 15/28
 26121 | Spider:1 | Reached skill level 19 in Air Magic
 26142 | Spider:1 | Reached skill level 1 in Shields
 26191 | Spider:1 | Noticed Louise
 26199 | Spider:1 | Killed Louise
 26524 | Spider:2 | Reached skill level 5 in Shields
 26867 | Spider:2 | Reached ****** piety under Vehumet
 27429 | Spider:2 | Offered knowledge of Ozocubu's Refrigeration by Vehumet.
 27771 | Spider:3 | Entered Level 3 of the Spider Nest
 27776 | Spider:3 | Noticed Nikola
 27784 | Spider:3 | Killed Nikola
 27790 | Spider:3 | Gained mutation: Your spells are a little harder to cast, but a little more powerful. [mutagenic glow]
 27861 | Spider:3 | Reached skill level 10 in Shields
 28411 | Spider:3 | Reached XP level 19. HP: 172/177 MP: 29/29
 30578 | Spider:3 | Found a gate to the Vaults.
 30584 | Spider:3 | Got a gossamer rune of Zot
 30586 | Vaults:1 | Entered Level 1 of the Vaults
 30638 | Vaults:1 | Found a magical portal.
 30668 | WizLab   | Entered Doroklohe's Tomb
 30902 | WizLab   | Noticed an electric golem
 31233 | Vaults:1 | Reached skill level 5 in Ice Magic
 31239 | Vaults:1 | Offered knowledge of Spellforged Servitor by Vehumet.
 31550 | Vaults:1 | Found Rerev's Jewellery Shop.
 31557 | Vaults:1 | Reached XP level 20. HP: 182/184 MP: 25/31
 31723 | Vaults:1 | Reached skill level 15 in Shields
 31756 | Vaults:1 | Got the +4 hand crossbow "Weixoufu" {elec, Fragile rElec Str+7 Stlth+}
 32730 | Vaults:2 | Found Liuhimug's Armour Shop.
 32745 | Vaults:2 | Reached skill level 5 in Charms
 33182 | Vaults:2 | Offered knowledge of Chain Lightning by Vehumet.
 33450 | Vaults:2 | Reached XP level 21. HP: 191/191 MP: 22/34
 33466 | Vaults:2 | Noticed Saint Roka
 33483 | Vaults:2 | Killed Saint Roka
 33678 | Vaults:2 | Learned a level 8 spell: Chain Lightning
 34590 | Vaults:3 | Entered Level 3 of the Vaults
 34590 | Vaults:3 | Found a staircase to the Depths.
 34590 | Vaults:3 | Found a staircase to the Slime Pits.
 34622 | Vaults:3 | Learned a level 9 spell: Tornado
 34623 | Vaults:3 | Got a silver rune of Zot
 34744 | Vaults:3 | Reached skill level 20 in Air Magic
 34775 | Vaults:3 | Offered knowledge of Fire Storm by Vehumet.
 34775 | Vaults:3 | Offered knowledge of Glaciate by Vehumet.
 34775 | Vaults:3 | Offered knowledge of Shatter by Vehumet.
 34775 | Vaults:3 | Reached XP level 22. HP: 77/200 MP: 34/36
 34775 | Vaults:3 | Reached skill level 21 in Air Magic
 34796 | Vaults:3 | Reached skill level 22 in Air Magic
 34802 | Vaults:3 | HP: 7/200 [ball lightning[the player character] (12)]
 34802 | Vaults:3 | Killed by an exploding ball lightning

Skill      XL: |  1  2  3  4  5  6  7  8  9 10 11 12 13 14 15 16 17 18 19 20 21 22 |
---------------+-------------------------------------------------------------------+-----
Spellcasting   | 3 4 6 7 10 12 15 16 18 19 | 19.0
Fighting       | 3 6 8 13 14 16 17 | 17.5
Hexes          | 2 |  2.4
Air Magic      | 4 8 10 15 17 18 19 20 22 | 22.2
Stealth        | 2 4 5 6 8 9 12 13 | 13.0
Charms         | 2 7 |  7.0
Transmutations | 5 |  5.0
Translocations | 3 |  3.7
Shields        | 11 14 15 | 15.0
Ice Magic      | 6 |  6.7
Throwing       | |  1.0

Action                   |  1- 3 |  4- 6 |  7- 9 | 10-12 | 13-15 | 16-18 | 19-21 | 22-24 || total
-------------------------+-------+-------+-------+-------+-------+-------+-------+-------++-------
Melee: Dagger            |    15 |    28 |    51 |    52 |       |     3 |       |       ||   149
       Tailslap          |     2 |     4 |    30 |     8 |    12 |     9 |    19 |       ||    84
       Unarmed           |       |    19 |       |       |       |       |       |       ||    19
       Whip              |       |    24 |     8 |       |       |       |       |       ||    32
       Flail             |       |     6 |   148 |     3 |       |       |       |       ||   157
       War axe           |       |       |       |    20 |       |     9 |       |       ||    29
       Great mace        |       |       |       |    10 |    96 |    16 |       |       ||   122
       Long sword        |       |       |       |       |       |    72 |       |       ||    72
       Morningstar       |       |       |       |       |       |    29 |   116 |       ||   145
       Kick              |       |       |       |       |       |    17 |    45 |       ||    62
       Bardiche          |       |       |       |       |       |       |     8 |       ||     8
       Rapier            |       |       |       |       |       |       |    24 |       ||    24
Throw: Poisoned dart     |       |     4 |     2 |       |       |       |       |       ||     6
       Tomahawk          |       |       |     2 |       |     1 |       |       |       ||     3
       Javelin           |       |       |       |       |     1 |     1 |     1 |       ||     3
 Cast: Magic Dart        |    31 |    91 |    43 |    81 |    54 |    23 |     2 |       ||   325
       Repel Missiles    |     1 |       |       |       |       |       |       |       ||     1
       Static Discharge  |       |    11 |    32 |    30 |    43 |    72 |    12 |       ||   200
       Fulminant Prism   |       |       |    17 |   110 |   172 |   236 |    67 |       ||   602
       Mephitic Cloud    |       |       |       |     1 |    21 |    19 |     3 |       ||    44
       Summon Butterflie |       |       |       |       |     5 |       |    12 |       ||    17
       Apportation       |       |       |       |       |     1 |       |       |       ||     1
       Ozocubu's Armour  |       |       |       |       |     1 |       |       |       ||     1
       Regeneration      |       |       |       |       |     1 |       |       |       ||     1
       Conjure Ball Ligh |       |       |       |       |       |    49 |    26 |     2 ||    77
       Irradiate         |       |       |       |       |       |    25 |     9 |       ||    34
       Freezing Cloud    |       |       |       |       |       |    31 |    94 |       ||   125
       Blink             |       |       |       |       |       |     4 |    19 |     1 ||    24
       Chain Lightning   |       |       |       |       |       |       |    19 |     4 ||    23
       Tornado           |       |       |       |       |       |       |     4 |     2 ||     6
 Abil: Breathe Steam     |       |       |    25 |    35 |    10 |     7 |     3 |       ||    80
Evoke: Wand              |       |       |       |     2 |     3 |     6 |     8 |       ||    19
       Box of beasts     |       |       |       |       |       |     2 |       |       ||     2
  Use: Potion            |       |     2 |     2 |       |     1 |    13 |     3 |     8 ||    29
       Scroll            |       |     2 |     1 |     1 |     1 |     3 |    10 |     1 ||    19
 Stab: Sleeping          |     1 |     2 |     2 |     1 |     1 |     1 |     6 |       ||    14
       Petrified         |       |       |    13 |       |       |       |       |       ||    13
       Paralysed         |       |       |     1 |       |       |       |       |       ||     1
       Confused          |       |       |       |       |     3 |     3 |     1 |       ||     7
Armor: Skin              |     3 |    47 |    46 |    35 |   153 |   210 |   310 |    26 ||   830
Dodge: Dodged            |    20 |    64 |   139 |    98 |   120 |   172 |   149 |     6 ||   768
       Deflected         |       |       |     2 |     2 |     4 |     5 |    15 |     4 ||    32
Block: Buckler           |       |       |       |       |       |    42 |    77 |       ||   119
       Shield            |       |       |       |       |       |       |    11 |    11 ||    22
